Map: Rhoskallian LE

Players

qqq

  • Race: Zerg Zerg
  • League: Platinum
  • Spawn Location: 5:00

Massa

  • Race: Terran Terran
  • League: Gold
  • Spawn Location: 6:00

Mathist

  • Race: Zerg Zerg
  • Spawn Location: 12:00

Djoko

  • Race: Terran Terran
  • League: Platinum
  • Spawn Location: 11:00

VOD

Have the link to the VOD?

Description

Time

  • Played on: May 30, 2020, 6:28 a.m.
  • Length: 14:11
Show
View Real Time Build Order
Export as new Build Order

qqq Zerg 

Build Orders: Hatch First 

Get SALT Encoding   

  12  0:02  Drone  
  13  0:09  Drone  
  14  0:40  Hatchery  
  13  0:53  Spawning Pool  
  12  1:01  Overlord  
  12  1:05  Drone  
  12  1:10  Drone  
  14  1:15  Extractor  
  13  1:18  Drone  
  14  1:31  Drone  
  15  1:38  Drone  
  16  1:49  Zergling x2  
  16  1:51  Queen  
  19  1:55  Drone  
  19  1:56  Zergling x2  
  21  2:06  Queen  
  23  2:10  Zergling x2  
  23  2:14  Drone  
  25  2:18  Zergling x2  
  26  2:28  Zergling x2  
  26  2:29  Drone  
  28  2:33  Overlord  
  28  2:40  Metabolic Boost  
  28  2:49  Baneling Nest  
  28  2:50  Drone  
  28  2:57  Zergling x2  
  30  2:58  Drone  
  30  3:01  Drone  
  30  3:04  Drone  
  32  3:08  Zergling x2  
  32  3:26  Zergling x6  
  35  3:38  Zergling x6  
  35  3:39  Zergling x2  
  35  3:40  Overlord x2  
  33  3:49  Zergling x2  
  33  3:51  Zergling x2  
  35  4:02  Zergling x4  
  35  4:09  Baneling x3  
  36  4:10  Zergling x2  
  36  4:21  Zergling x6  
  36  4:23  Drone  
  36  4:24  Zergling x4  
  42  4:33  Baneling x2  
  42  4:34  Zergling x4  
  41  4:56  Zergling x4  
  43  5:01  Zergling x2  
  43  5:02  Drone x2, Zergling x2  
  47  5:17  Hatchery  
  46  5:26  Zergling x2  
  46  5:27  Zergling x2  
  46  5:28  Drone, Zergling x2  
  50  5:41  Baneling x2  
  37  5:50  Zergling x10  
  37  5:51  Zergling x8  
  37  5:52  Hatchery  
  41  6:11  Zergling x2  
  41  6:12  Zergling x4  
  42  6:32  Zergling x6  
  45  6:35  Lair  
  45  6:41  Drone x5  
  50  6:48  Queen  
  50  6:50  Drone x2, Overlord  
  50  6:52  Zergling x8  
  57  7:04  Zergling x2  
  57  7:05  Overlord  
  48  7:21  Zergling x6  
  48  7:22  Drone x3, Zergling x6  
  56  7:23  Zergling x8  
  60  7:31  Drone, Queen  
  60  7:55  Zergling x8  
  60  7:56  Zergling x6  
  60  8:12  Zergling x6  
  60  8:13  Drone x3, Zergling x4  
  60  8:14  Zergling x14  
  70  8:26  Zergling x4  
  70  8:27  Zergling x6  
  70  8:38  Drone x3  
  70  8:39  Zergling x2  
  72  8:45  Drone x2  
  72  8:47  Infestation Pit  
  73  8:53  Zergling x2  
  73  8:54  Zergling x2  
  75  9:04  Drone  
  75  9:05  Drone x2, Overlord  
  78  9:19  Hatchery  
  78  9:20  Evolution Chamber, Spore Crawler  
  78  9:21  Evolution Chamber, Spore Crawler  
  78  9:23  Spore Crawler  
  72  9:25  Spore Crawler  
  72  9:26  Extractor, Spore Crawler x2  
  72  9:30  Spore Crawler x2  
  67  9:31  Drone x4, Spore Crawler  
  67  9:32  Drone x4, Zergling x2, Spore Crawler  
  67  9:35  Drone  
  74  9:40  Spore Crawler  
  74  9:41  Drone x2  
  74  9:43  Zergling x2  
  74  9:45  Zergling x2  
  77  9:46  Zergling x2  
  77  9:47  Zergling x2  
  79  10:00  Zerg Melee Weapons Level 1  
  79  10:02  Zerg Ground Armor Level 1  
  79  10:10  Drone x5  
  79  10:13  Drone  
  79  10:14  Drone x3, Extractor  
  87  10:15  Overlord x2  
  87  10:21  Hive  
  87  10:44  Zergling x6  
  87  10:45  Zergling x12  
  87  10:46  Drone x2, Zergling x2  
  87  10:47  Drone x7  
  87  10:48  Drone x3  
  109  11:02  Zergling x2  
  110  11:08  Spore Crawler  
  110  11:11  Overlord x3  
  109  11:12  Drone  
  109  11:13  Overlord x2  
  109  11:14  Overlord x3  
  110  11:26  Spire  
  110  11:27  Drone  
  110  11:29  Drone  
  104  11:38  Zergling x6  
  104  11:39  Zergling x2  
  75  11:40  Drone x2  
  75  11:41  Zergling x14  
  84  11:50  Spore Crawler x3  
  84  11:53  Spore Crawler  
  80  11:59  Ultralisk Cavern  
  80  12:01  Zergling x8  
  82  12:02  Zergling x2  
  82  12:03  Drone x2, Zergling x4  
  86  12:24  Queen  
  86  12:26  Zergling x2  
  86  12:27  Zergling x6  
  92  12:37  Drone x2  
  92  12:39  Zergling x6  
  92  12:41  Corruptor  
  99  12:54  Extractor  
  99  12:55  Extractor  
  97  13:04  Extractor  
  97  13:05  Extractor, Drone  
  95  13:06  Drone x2  
  95  13:08  Drone x6  
  104  13:20  Zergling x12  
  110  13:29  Extractor  
  110  13:30  Drone  
  110  13:31  Drone, Extractor x2  
  115  13:43  Zergling x4  
  115  13:44  Zergling x10  
  115  13:45  Zergling x16  
Show
View Real Time Build Order
Export as new Build Order

Massa Terran 

Build Orders: 2 Factory 

Get SALT Encoding   

  12  0:13  SCV  
  13  0:19  Supply Depot  
  13  0:26  SCV  
  14  0:38  SCV  
  14  0:42  Barracks  
  15  0:50  SCV  
  15  0:52  Refinery  
  16  1:01  Supply Depot  
  16  1:04  SCV  
  17  1:24  SCV  
  17  1:25  Supply Depot  
  18  1:33  Supply Depot  
  18  1:36  SCV  
  19  1:44  Marine  
  20  1:49  SCV  
  21  2:02  Barracks  
  21  2:08  Marine  
  22  2:15  Orbital Command  
  21  2:25  Marine  
  22  2:43  Marine  
  23  2:46  Factory  
  23  2:52  Barracks Reactor  
  23  2:57  Factory  
  23  2:59  SCV  
  23  3:01  Marine  
  24  3:25  Marine  
  25  3:32  Factory Reactor  
  24  3:40  Marine x2  
  25  3:43  Marine  
  20  3:58  Marine x2  
  20  4:00  Barracks  
  20  4:01  Marine  
  23  4:05  Factory Reactor  
  23  4:11  SCV  
  23  4:15  Hellion  
  23  4:16  Hellion, Marine  
  29  4:23  SCV  
  27  4:44  Barracks Tech Lab  
  27  4:46  Hellion x3  
  27  4:47  Hellion  
  27  4:48  Marine x2  
  37  5:08  Hellion x3  
  43  5:28  Marauder, Marine x2  
  47  5:36  Supply Depot  
  47  5:45  Marine  
  47  5:49  Marauder  
  28  6:07  Marine x3  
  28  6:11  Widow Mine, Marauder  
  33  6:14  Widow Mine  
  35  6:32  Widow Mine x2, Marauder  
  39  6:38  Combat Shield  
  39  6:45  Barracks Reactor  
  39  6:53  Hellion x3  
  39  6:54  Marauder  
  47  7:15  Marauder  
  46  7:29  Marine x3  
  48  7:30  Marine  
  48  7:36  Marauder  
  51  7:47  Marine x4  
  52  7:58  Marauder  
  45  8:02  Hellion  
  45  8:05  Marine x4  
  45  8:19  Marauder  
  37  8:40  Marauder  
  39  8:59  Command Center  
  39  9:02  Marauder  
  41  9:18  Engineering Bay  
  41  9:33  SCV, Supply Depot  
  42  9:45  SCV  
  43  9:46  Command Center  
  34  10:09  SCV  
  35  10:17  Missile Turret  
  34  10:21  SCV  
  34  10:25  Missile Turret  
  35  10:33  SCV  
  36  10:39  Missile Turret  
  36  10:45  SCV  
  37  10:57  SCV  
  37  11:03  SCV  
  39  11:10  SCV x2  
  41  11:15  SCV  
  41  11:18  Missile Turret  
  42  11:22  SCV  
  42  11:24  Missile Turret  
  43  11:27  SCV  
  44  11:44  Widow Mine x4  
  48  12:04  Missile Turret  
  48  12:05  SCV  
  48  12:06  SCV  
  50  12:17  SCV  
  50  12:19  SCV  
  52  12:28  SCV  
  52  12:29  SCV  
  54  12:34  Widow Mine x2  
  58  12:40  SCV  
  58  12:41  SCV  
  60  12:52  SCV  
  60  12:53  SCV, Missile Turret  
  60  12:58  SCV  
  63  13:04  SCV  
  63  13:05  SCV  
  65  13:10  SCV  
  66  13:16  SCV  
  66  13:17  SCV  
  68  13:22  Factory Tech Lab  
  68  13:24  Barracks, Marauder, Marine x2  
  68  13:25  Marine x2  
  74  13:34  Widow Mine x2  
  74  13:42  Marine  
  74  13:46  Marauder  
Show
View Real Time Build Order
Export as new Build Order

Mathist Zerg 

Build Orders: Pool First, Lurkers, Zergling Baneling 

Get SALT Encoding   

  12  0:03  Drone  
  13  0:10  Drone  
  14  0:20  Extractor  
  14  0:21  Extractor, Drone  
  12  0:23  Drone  
  16  0:28  Overlord  
  16  0:44  Spawning Pool  
  16  0:48  Extractor  
  16  0:49  Drone  
  15  0:55  Drone  
  16  1:00  Drone  
  17  1:10  Drone  
  18  1:29  Hatchery  
  18  1:31  Zergling x4  
  19  1:41  Queen  
  21  1:53  Metabolic Boost  
  21  2:01  Zergling x2  
  22  2:09  Baneling Nest  
  22  2:13  Overlord  
  21  2:40  Zergling x6  
  24  2:58  Drone x5  
  24  2:59  Queen  
  24  3:02  Lair  
  28  3:45  Zergling x18  
  34  4:12  Drone x2  
  34  4:13  Roach Warren  
  35  4:17  Drone  
  36  4:24  Overlord x3  
  36  4:27  Hatchery  
  34  4:38  Drone  
  35  4:44  Drone x5  
  35  4:45  Drone x2  
  42  4:56  Baneling x8  
  42  5:00  Roach  
  44  5:09  Drone  
  44  5:10  Drone x3  
  48  5:14  Extractor  
  48  5:15  Extractor  
  48  5:16  Extractor  
  47  5:21  Roach x3  
  43  5:55  Roach x4  
  43  5:56  Roach  
  47  6:09  Roach x2  
  51  6:32  Roach x3  
  57  6:35  Glial Reconstitution  
  57  6:40  Hatchery  
  57  6:44  Drone x4  
  57  6:45  Overlord x4  
  60  7:03  Evolution Chamber  
  60  7:04  Evolution Chamber  
  60  7:05  Drone x10  
  64  7:24  Roach x5  
  74  7:30  Roach x2  
  70  8:11  Roach x4  
  70  8:12  Roach x8  
  82  8:36  Roach x6  
  82  8:37  Roach x2  
  98  8:53  Overlord x2  
  98  8:57  Spine Crawler  
  98  8:58  Spine Crawler, Queen  
  98  9:10  Queen  
  98  9:11  Zerg Missile Weapons Level 1  
  98  9:12  Zerg Ground Armor Level 1  
  98  9:13  Ravager  
  98  9:14  Ravager  
  98  9:15  Ravager  
  103  9:17  Pneumatized Carapace  
  103  9:19  Overseer  
  103  9:25  Spine Crawler  
  103  9:29  Spine Crawler  
  101  9:34  Drone x8  
  109  9:47  Overseer  
  109  9:56  Drone x3  
  109  9:57  Drone x2  
  109  9:58  Overlord x3  
  114  10:03  Extractor  
  114  10:05  Extractor  
  112  10:26  Zergling x22  
  123  10:32  Hydralisk Den  
  124  10:42  Roach  
  124  10:43  Roach x7  
  138  11:07  Grooved Spines, Lurker Den  
  138  11:09  Overlord x8  
  137  11:27  Queen  
  131  11:57  Drone x13  
  131  11:59  Hydralisk x3  
  150  12:09  Infestation Pit  
  149  12:31  Hydralisk x9  
  149  12:32  Hydralisk  
  169  13:00  Hydralisk  
  169  13:01  Hydralisk x11  
  169  13:05  Lurker x5  
  198  13:06  Hatchery  
Show
View Real Time Build Order
Export as new Build Order

Djoko Terran 

Build Orders:  

Get SALT Encoding   

  12  0:01  SCV  
  13  0:13  SCV  
  14  0:20  Supply Depot  
  14  0:26  SCV  
  15  0:30  Refinery  
  15  0:43  Barracks  
  15  0:55  Barracks  
  15  0:59  SCV  
  16  1:11  SCV  
  17  1:23  SCV  
  18  1:30  Refinery  
  18  1:35  SCV  
  19  1:42  Reaper x2  
  21  1:49  Orbital Command  
  21  2:14  Reaper  
  21  2:15  Reaper  
  23  2:21  SCV, Supply Depot  
  24  2:33  SCV  
  25  2:47  Reaper x2  
  27  3:19  Reaper x2, Factory  
  29  3:26  Command Center  
  27  3:54  Reaper x2  
  29  3:56  SCV  
  30  4:08  SCV  
  30  4:14  Factory Tech Lab  
  30  4:20  SCV  
  30  4:22  Factory  
  31  4:26  Reaper x2  
  33  4:32  SCV  
  30  4:57  Siege Tank  
  30  4:58  Marine x2  
  32  5:01  Orbital Command  
  32  5:06  Refinery  
  32  5:08  Refinery  
  32  5:13  Bunker  
  32  5:16  Factory Tech Lab, Marine  
  32  5:19  SCV  
  34  5:30  SCV  
  34  5:31  SCV  
  34  5:32  Supply Depot  
  37  5:42  SCV  
  37  5:43  SCV  
  38  5:56  Supply Depot  
  37  6:05  SCV x2  
  37  6:09  Siege Tank x2  
  45  6:17  SCV, Armory  
  45  6:18  SCV, Armory  
  47  6:29  SCV  
  47  6:30  Marine  
  47  6:31  Marine  
  50  6:43  Starport  
  50  6:46  Hellion x2  
  54  6:48  Marine x2  
  56  7:03  SCV  
  56  7:04  SCV  
  56  7:06  Marine x2  
  56  7:07  Hellion x2  
  64  7:09  Command Center  
  61  7:16  SCV  
  61  7:20  Starport  
  62  7:23  Marine  
  62  7:24  Marine  
  62  7:28  Liberator  
  67  7:41  Marine  
  67  7:42  Marine  
  64  8:08  Liberator  
  64  8:11  Liberator  
  70  8:21  Siege Tank x2  
  70  8:25  Supply Depot  
  70  8:26  Supply Depot  
  76  8:28  Supply Depot  
  76  8:48  Marine  
  77  8:56  Starport Tech Lab x2  
  77  9:02  SCV x2  
  79  9:14  SCV x2  
  81  9:31  Cloaking Field  
  81  9:33  Hyperflight Rotors  
  81  9:34  Banshee x2  
  81  9:38  Terran Vehicle And Ship Armor Level 1, Terran Ship Weapons Level 1  
  87  9:54  Marine x2  
  87  9:55  Engineering Bay  
  89  10:04  Supply Depot  
  89  10:05  Supply Depot  
  89  10:06  Supply Depot  
  86  10:07  Supply Depot x2  
  86  10:10  Supply Depot  
  86  10:11  Marine, Supply Depot  
  86  10:12  Marine  
  88  10:17  Banshee  
  91  10:29  Marine  
  91  10:30  Marine, Supply Depot  
  91  10:33  Supply Depot  
  93  10:38  SCV x2  
  93  10:42  Planetary Fortress  
  95  10:44  Refinery  
  95  10:47  Refinery  
  95  10:50  SCV x2  
  95  10:53  Banshee  
  100  11:00  Banshee  
  100  11:02  SCV x2  
  105  11:14  SCV x2  
  107  11:20  Missile Turret  
  107  11:26  SCV x2  
  107  11:32  Hellion x2  
  113  11:36  Banshee  
  113  11:38  Missile Turret  
  113  11:53  Hellion x2  
  117  12:02  Missile Turret  
  117  12:14  Hellion  
  117  12:15  Hellion  
  121  12:25  SCV x3  
  121  12:36  Hellion x2  
  125  12:37  SCV  
  126  12:57  Hellion  
  128  12:59  Factory  
  128  13:00  Factory  
  128  13:11  Medivac x2  
  129  13:40  Medivac  
  129  13:41  Medivac  
Tags
 
Add a new tag
Caveats
  • Supply blocks, unpowered buildings, or Contaminate may cause inaccurate times.
  • Supply counts are checked every 10 seconds.